 Dungeon Crawl Stone Soup version 0.24.1-14-gf8d2b509d9 (webtiles) character file.

Game seed: 1427950758974347136, levelgen mode: deterministic

65 Gaplan the Firebug (level 3, 24/24 HPs)
             Began as a Demonspawn Fire Elementalist on May 30, 2020.
             Quit the game on level 2 of the Dungeon.
             The game lasted 00:07:40 (1407 turns).

Gaplan the Firebug (Demonspawn Fire Elementalist)   Turns: 1407, Time: 00:07:41

Health: 24/24      AC:  2    Str:  8    XL:     3   Next: 92%
Magic:  5/6        EV: 14    Int: 17    God:
Gold:   58         SH:  0    Dex: 13    Spells: 5/6 levels left

rFire    . . .     SeeInvis .   (no weapon)
rCold    . . .     Gourm    .   (no shield)
rNeg     . . .     Faith    .   a - +0 robe
rPois    .         Spirit   .   (no helmet)
rElec    .         Reflect  .   (no cloak)
rCorr    .         Harm     .   (no gloves)
MR       .....                  (no boots)
Stlth    ++........             (no amulet)
HPRegen  0.08/turn              (no ring)
MPRegen  0.10/turn              (no ring)

@: no status effects
A: repulsion field 1, spiny 1
a: no special abilities


You were on level 2 of the Dungeon.
You were not hungry.

You visited 1 branch of the dungeon, and saw 2 of its levels.

You collected 58 gold pieces.

Inventory:

Armour
 a - a +0 robe (worn)
Scrolls
 d - 2 scrolls of enchant weapon {unknown}
 f - a scroll of amnesia {unknown}
 g - a scroll of remove curse {unknown}
 h - a scroll of immolation {unknown}
Potions
 e - a potion of ambrosia {unknown}
Comestibles
 b - a chunk of flesh
 c - 3 rations


   Skills:
 + Level 1.8 Dodging
 + Level 2.2 Stealth
 + Level 2.4 Spellcasting
 + Level 1.8 Conjurations
 + Level 3.5 Fire Magic


You had 5 spell levels left.
You knew the following spells:

 Your Spells              Type           Power        Failure   Level  Hunger
a - Flame Tongue          Conj/Fire      ##...        6%          1    #......

Your spell library contained the following spells:

 Spells                   Type           Power        Failure   Level  Hunger
 Throw Flame              Conj/Fire      ##....       10%         2    ##.....
 Conjure Flame            Conj/Fire      ##......     19%         3    ###....
 Inner Flame              Hex/Fire       #.......     26%         3    ###....
 Sticky Flame             Conj/Fire      ##......     52%         4    #####..
 Fireball                 Conj/Fire      ##........   86%         5    ######.


Dungeon Overview and Level Annotations

Branches:
Dungeon (2/15)

Altars:


Innate Abilities, Weirdness & Mutations

You are surrounded by a mild repulsion field. (EV +2)
You are partially covered in sharp spines.


Message History

Found 12 gold pieces.
The hobgoblin shouts!
Casting: Flame Tongue (safe; 6% risk of failure)
Confirm with . or Enter, or press ? or * to list all spells.
Aiming: Flame Tongue (safe; 6% risk of failure)
Press: ? - help, Shift-Dir - straight line, f - hobgoblin
Aim: a hobgoblin The flame tongue hits the hobgoblin!
You kill the hobgoblin!
There isn't anything here!
Sorry, you're not good enough to have a special ability.
New annotation for D:2 (include '!' for warning):
Okay, then.
Your movement speed is average.
Your attack speed is average.
d - 2 scrolls labeled UFABBU NALOJIZ (gained 1)
You now have 58 gold pieces (gained 7). (m)acro, (M)acro raw, keymap [(k) default, (x) level-map, (t)argeting, (c)onfirm, m(e)nu], (s)ave?
Aborting.
Your movement speed is average.
Your attack speed is average.
Are you sure you want to abandon this character and quit the game? (Confirm with "yes".)

..........#.... .....
............... .....
$...........#+######...
#.......#.#..........
###.#..............
+...#..............
#....#........###..
#....#........# #..
#.@.............#..
#...........(...###
#...............#
#...............#
................#
.................# .
.............. #w
........#..... #.
.....######### ..


There were no monsters in sight!

Vanquished Creatures
  2 adders
  A gnoll (D:1)
  A worm (D:2)
  2 dart slugs
  A leopard gecko (D:1)
  A giant cockroach (D:1)
  3 hobgoblins
  3 kobolds (D:1)
  A ball python (D:1)
  5 bats
  3 frilled lizards (D:1)
  3 goblins (D:1)
  5 rats (D:1)
31 creatures vanquished.

Notes
Turn   | Place    | Note
-------+----------+-------------------------------------------
     0 | D:1      | Gaplan the Demonspawn Fire Elementalist began the quest for
                  | the Orb.
     0 | D:1      | Reached XP level 1. HP: 13/13 MP: 3/3
   154 | D:1      | Reached skill level 3 in Fire Magic
   350 | D:1      | Gained mutation: You are partially covered in sharp spines.
                  | [demonic ancestry]
   350 | D:1      | Reached XP level 2. HP: 6/19 MP: 0/5
   991 | D:1      | Gained mutation: You are surrounded by a mild repulsion
                  | field. (EV +2) [demonic ancestry]
   991 | D:1      | Reached XP level 3. HP: 24/24 MP: 0/6
  1407 | D:2      | Quit the game

Levels and vault maps discovered:
D:1:      ncdulo_wetmaze, layout_basic, minmay_misc_feat_cross
D:2:      layout_basic, marbit_many_paths, minmay_pentomino_x4, uniq_sigmund,
          uniq_robin

Skill      XL: |  1  2  3 |
---------------+----------+-----
Fire Magic     | 3 |  3.5
Stealth        | 2 |  2.2
Dodging        | |  1.8
Spellcasting   | |  2.4
Conjurations   | |  1.8

Action                   || total
-------------------------++-------
Melee: Unarmed           ||     5
 Cast: Flame Tongue      ||    58
  Eat: Chunk             ||     2
Armor: Robe              ||     2
Dodge: Dodged            ||    29
